 Dungeon Crawl Stone Soup version 0.20-a0-1126-g0f15420 (webtiles) character file.

79 Lexie the Firebug (level 4, -1/27 HPs)
             Began as an Octopode Fire Elementalist on May 17, 2017.
             Killed from afar by an orc wizard (9 damage)
             ... with a magic dart
             ... on level 3 of the Dungeon.
             The game lasted 00:02:43 (3098 turns).

Lexie the Firebug (Octopode Fire Elementalist)      Turns: 3098, Time: 00:02:44

Health: -1/27      AC:  1    Str:  7    XL:     4   Next: 37%
Magic:  1/8        EV: 13    Int: 18    God:
Gold:   41         SH:  0    Dex: 12    Spells: 2/8 levels left

rFire    . . .     SeeInvis +   j - +0 dagger
rCold    . . .     Gourm    .   (no shield)
rNeg     . . .     Faith    .   (helmet restricted)
rPois    .         Spirit   .   (no amulet)
rElec    .         Reflect  .   e - ring of see invisible
rCorr    .         Harm     .   (no ring)
MR       .....                  (no ring)
Stlth    ++........             (no ring)
Regen    0.1/turn               (no ring)
MPRegen  0.2/turn               (no ring)
                                (no ring)
                                (no ring)

@: confused, very slightly contaminated
A: almost no armour, stealthy swim, amphibious, 8 rings, constrict 8, camouflage
1, gelatinous body 1
a: no special abilities


You were on level 3 of the Dungeon.
You were not hungry.

You visited 1 branch of the dungeon, and saw 3 of its levels.

You collected 41 gold pieces.

Inventory:

Hand Weapons
 j - a +0 dagger (weapon)
Jewellery
 e - a ring of see invisible (left tentacle)
Scrolls
 c - 2 scrolls of teleportation {unknown}
 d - 2 scrolls of identify {unknown}
 h - a scroll of magic mapping {unknown}
Potions
 g - a potion of lignification {unknown}
 i - a potion of curing {unknown}
Books
 a - a book of Flames

   Spells                             Type                      Level
   a - Flame Tongue                   Conjuration/Fire             1
   b - Throw Flame                    Conjuration/Fire             2
   c - Conjure Flame                  Conjuration/Fire             3
   d - Inner Flame                    Hexes/Fire                   3
   e - Sticky Flame                   Conjuration/Fire             4
   f - Fireball                       Conjuration/Fire             5
Comestibles
 b - 2 bread rations


   Skills:
 + Level 0.4 Fighting
 + Level 2.2 Dodging
 + Level 3.5 Stealth
 + Level 0.6 Unarmed Combat
 + Level 2.7 Spellcasting
 + Level 1.3 Conjurations
 + Level 3.7 Fire Magic


You had 2 spell levels left.
You knew the following spells:

 Your Spells              Type           Power        Failure   Level  Hunger
a - Flame Tongue          Conj/Fire      ##...        6%          1    #......
b - Throw Flame           Conj/Fire      ##....       9%          2    ##.....
c - Conjure Flame         Conj/Fire      ##......     19%         3    ###....


Dungeon Overview and Level Annotations

Branches:
Dungeon (3/15)

Altars:


Innate Abilities, Weirdness & Mutations

You cannot wear most types of armour.
You are very stealthy in the water. (Stealth+)
You are amphibious.
You can wear up to eight rings at the same time.
You can use your tentacles to constrict eight enemies at once.
Your skin changes colour to match your surroundings (Stealth+).
Your rubbery body absorbs attacks. (AC +1, EV +1)


Message History

The flame tongue hits the orc wizard.
The orc wizard is severely wounded.
The adder closely misses you. The orc wizard casts a spell at you.
The puff of flame hits you!
Casting: Flame Tongue
Confirm with . or Enter, or press ? or * to list all spells.
You don't have enough magic to cast that spell.
The adder bites you.
* * * LOW HITPOINT WARNING * * *
The orc wizard gestures at you while chanting.
You are confused.
The adder barely misses you.
You're too confused to move!
The adder barely misses you.
You barely miss the orc wizard.
The orc wizard is severely wounded.
The adder barely misses you. x2
The orc wizard casts a spell at you. The magic dart hits you!
You die...

...###.............
...................
###.................
.#..#........!..........
..##....>..............
.###.##...................
.. .....#).....÷............
#.# #...#......o..w.).......
#.. ##........@Sr...........
#.. #.g#..#.................
###..
#.o..........##......##.
.....##.#####.)....#####...#
#...o.#####.##..)###...###
#.#ob.........[......... #
#<#.#####......###.####.#
#.#.# ###..........>...
#...# ###....†.....##


You could see an orc wizard (invisible), an adder, a dart slug and a rat.

Vanquished Creatures
  An adder (D:2)
  3 worms (D:2)
  3 dart slugs
  3 leopard geckos
  6 orcs (D:3)
  2 giant cockroaches (D:2)
  6 goblins
  4 hobgoblins
  2 quokkas (D:2)
  4 bats
  2 frilled lizards (D:1)
  4 kobolds
  7 rats
47 creatures vanquished.

Notes
Turn   | Place    | Note
-------+----------+-------------------------------------------
     0 | D:1      | Lexie the Octopode Fire Elementalist began the quest for the Orb.
     0 | D:1      | Reached XP level 1. HP: 11/11 MP: 3/3
   621 | D:1      | Reached XP level 2. HP: 11/17 MP: 1/5
  1487 | D:2      | Reached XP level 3. HP: 21/21 MP: 3/6
  1915 | D:2      | Learned a level 2 spell: Throw Flame
  1919 | D:2      | Learned a level 3 spell: Conjure Flame
  2149 | D:2      | Reached XP level 4. HP: 27/27 MP: 4/7
  3098 | D:3      | Killed from afar by an orc wizard

Vault maps used:
D:1:      eino_arrival_druids_welcome
D:2:      first_bread
D:3:      old_standard_altar

Skill      XL: |  1 |
---------------+----+-----
Stealth        | 3 |  3.5
Fighting       | |  0.4
Dodging        | |  2.2
Unarmed Combat | |  0.6
Spellcasting   | |  2.7
Conjurations   | |  1.3
Fire Magic     | |  3.7

Action                   |  1- 3 |  4- 6 || total
-------------------------+-------+-------++-------
Melee: Unarmed           |    31 |       ||    31
       Constrict         |    11 |     2 ||    13
       Tentacles         |     3 |       ||     3
       Dagger            |       |    10 ||    10
 Cast: Flame Tongue      |    49 |    24 ||    73
       Throw Flame       |     3 |     6 ||     9
 Stab: Sleeping          |     5 |       ||     5
  Eat: Chunk             |     4 |     1 ||     5
       Bread ration      |       |     1 ||     1
Armor: Skin              |     3 |     1 ||     4
Dodge: Dodged            |    29 |    25 ||    54
